 Dungeon Crawl Stone Soup version 0.18-a0-1035-g72c9994 (webtiles) character file.

5393 st0uf the Thrower (level 10, -3/104 HPs)
             Began as an Ogre Berserker on Jan 9, 2016.
             Was an Elder of Trog.
             Slain by a yak (14 damage)
             ... on level 8 of the Dungeon.
             The game lasted 01:00:14 (9122 turns).

st0uf the Thrower (Ogre Berserker)                  Turns: 9122, Time: 01:00:14

Health: -3/104     AC:  8    Str: 27    XL:     10   Next: 66%
Magic:  10/10      EV: 10    Int:  6    God:    Trog [****..]
Gold:   527        SH: 11    Dex:  9    Spells: 0 memorised, 9 levels left

rFire  + . .     SeeInvis .     B - +2 flail (venom)
rCold  + . .     Gourm    .     S - +2 robe {rF+}
rNeg   . . .     Faith    .     m - +2 shield
rPois  +         Spirit   .     (helmet restricted)
rElec  .         Dismiss  .     L - +2 cloak {rPois}
rCorr  .         Reflect  .     (gloves unavailable)
SustAt .         Harm     .     (boots unavailable)
MR     +....                    (no amulet)
Stlth  +.........               (no ring)
                                a - ring of protection from cold

@: somewhat resistant to hostile enchantments, very unstealthy
A: unfitting armour, tough skin 1
a: Berserk, Trog's Hand, Brothers in Arms, Burn Spellbooks, Renounce Religion


You were on level 8 of the Dungeon.
You worshipped Trog.
Trog was greatly pleased with you.
You were near starving.

You visited 2 branches of the dungeon, and saw 10 of its levels.
You also visited: Sewer.

You collected 527 gold pieces.

Inventory:

Hand Weapons
 B - a +2 flail of venom (weapon)
 F - a +1 flail of crushing
Missiles
 d - 303 stones (quivered)
 o - 2 throwing nets
 G - 5 large rocks
 M - 7 steel javelins
Armour
 m - a +2 shield (worn)
 L - a +2 cloak of poison resistance (worn)
 R - a +1 cloak
 S - a +2 robe of fire resistance (worn)
Magical Staves
 b - an uncursed staff of power
Jewellery
 a - a ring of protection from cold (left hand)
 f - an uncursed ring of fire
 j - an uncursed ring of magical power
Wands
 q - a wand of enslavement (10/24)
 x - a wand of fireball (7/15)
 E - a wand of paralysis (19/24)
 I - a wand of teleportation (7/9)
 P - a wand of cold (3/15)
Scrolls
 p - 2 scrolls of noise {unknown}
 r - 9 scrolls of identify {unknown}
 t - 3 scrolls of remove curse
 v - 3 scrolls of fear {unknown}
 w - a scroll of recharging {unknown}
 y - 2 scrolls of teleportation {unknown}
 H - a scroll of blinking {unknown}
 J - a scroll of enchant armour {unknown}
 N - a scroll of brand weapon {unknown}
 T - a scroll of immolation {unknown}
Potions
 e - a potion of poison {unknown}
 h - 5 potions of might
 i - 3 potions of curing
 l - a potion of degeneration {unknown}
 s - 2 potions of brilliance {unknown}
 u - a potion of agility {unknown}
 z - a potion of cancellation {unknown}
 C - 2 potions of berserk rage {unknown}
 K - a potion of invisibility {unknown}
 Q - a potion of flight {unknown}
 U - a potion of heal wounds {unknown}
Books
 A - a book of Air

   Spells                             Type                      Level
   a - Shock                          Conjuration/Air              1
   b - Swiftness                      Charms/Air                   2
   c - Repel Missiles                 Charms/Air                   2
   d - Static Discharge               Conjuration/Air              3
   e - Lightning Bolt                 Conjuration/Air              5
   Trog disapproves of the use of such an item.
 D - a book of the Sky

   Spells                             Type                      Level
   a - Summon Lightning Spire         Summoning/Air                4
   b - Airstrike                      Air                          4
   c - Silence                        Hexes/Air                    5
   d - Deflect Missiles               Charms/Air                   6
   e - Conjure Ball Lightning         Conjuration/Air              6
   f - Tornado                        Air                          9
   Trog disapproves of the use of such an item.
 O - a book of Air

   Spells                             Type                      Level
   a - Shock                          Conjuration/Air              1
   b - Swiftness                      Charms/Air                   2
   c - Repel Missiles                 Charms/Air                   2
   d - Static Discharge               Conjuration/Air              3
   e - Lightning Bolt                 Conjuration/Air              5
   Trog disapproves of the use of such an item.
Comestibles
 c - 3 bread rations
 g - 7 beef jerkies
 k - 7 meat rations
 n - 6 fruits


   Skills:
 + Level 7.9 Fighting
 + Level 8.2 Maces & Flails
 * Level 10.0 Throwing
 + Level 7.7 Dodging
 + Level 4.0 Shields


You had 9 spell levels left.
You didn't know any spells.

Dungeon Overview and Level Annotations

Branches:
Dungeon (9/15)             Temple (1/1) D:7
   Lair: D:8-11         Orc: D:9-12

Altars:
Ashenzari
Cheibriados
Dithmenos
Elyvilon
Fedhas
Gozag
Kikubaaqudgha
Makhleb
Nemelex Xobeh
Okawaru
Pakellas
Qazlal
Ru
Sif Muna
Trog
Xom
Yredelemnul
Zin
The Shining One

Annotations:
D:3 Terence


Innate Abilities, Weirdness & Mutations

You are too large for most types of armour.
You have tough skin (AC +1).


Message History

The yak gores you!
* * * LOW HITPOINT WARNING * * *
You block the yak's attack.
You're too hungry to go berserk.
You sock the yak!
The yak is severely wounded.
You block the yak's attack. x2
You sock the yak!
The yak is almost dead.
You kill the yak!
Trog accepts your kill.
Your Shields skill increases to level 4!
You block the yak's attack.
You sock the yak!
The yak is poisoned.
The yak is moderately wounded.
The yak barely misses you.
You thump the yak!
The yak is almost dead.
The yak gores you!
You die...

.......................#
.......................#
.......................#
.......................#
.......................#
#######'##+######'######
...#..................#
...#..................#
...#..>.........@.....#
...'...........Y††....#
..##....####..###'#####
..##....####..###....)#
####...........+......#
...............#......#
...............#......#
..##......####'#####+###
..##......#............#


You could see a yak.

Vanquished Creatures
  Maurice (D:8)
  A two-headed ogre (D:8)
  2 yaks (D:8)
  6 humans (D:6)
  Menkaure (D:7)
  3 ice beasts
  5 sky beasts
  3 orc warriors
  An ogre (D:4)
  2 phantoms
  A big kobold (D:6)
  4 giant frogs
  Blork the orc (D:5)
  4 scorpions
  A water moccasin skeleton (D:3)
  5 killer bees (D:8)
  3 wights (D:8)
  A giant frog zombie (D:5)
  2 centaur zombies (D:8)
  A hound (D:3)
  3 orc priests
  An iguana (D:8)
  5 orc wizards
  4 worker ants
  A killer bee zombie (D:7)
  A hound zombie (D:5)
  A hound skeleton (D:8)
  10 gnolls
  10 adders
  3 shadow imps
  4 oozes
  An adder skeleton (D:8)
  2 worms
  16 giant geckos
  18 orcs
  4 ball pythons
  11 bats
  16 giant cockroaches
  11 goblins
  3 hobgoblins
  3 jackals (D:6)
  15 kobolds
  2 quokkas
  A giant cockroach zombie (D:6)
  A giant gecko skeleton (D:5)
  9 giant newts
  A quokka skeleton (D:5)
  7 rats
212 creatures vanquished.

Vanquished Creatures (collateral kills)
  Erica (D:8)
  A killer bee (D:8)
  A crimson imp (D:8)
  An adder (D:8)
4 creatures vanquished.

Grand Total: 216 creatures vanquished

Notes
Turn   | Place    | Note
--------------------------------------------------------------
     0 | D:1      | st0uf the Ogre Berserker began the quest for the Orb.
     0 | D:1      | Reached XP level 1. HP: 24/24 MP: 1/1
    72 | D:1      | Reached XP level 2. HP: 32/32 MP: 2/2
   207 | D:1      | Reached skill level 1 in Throwing
   519 | D:1      | Reached XP level 3. HP: 38/40 MP: 3/3
   582 | D:2      | Reached ** piety under Trog
   749 | D:2      | Reached XP level 4. HP: 13/49 MP: 4/4
  1039 | D:2      | Found a glowing silver altar of Zin.
  1184 | D:2      | Found a sacrificial altar of Ru.
  1660 | D:2      | Found a sparkling altar of Nemelex Xobeh.
  1888 | D:3      | Reached XP level 5. HP: 55/55 MP: 5/5
  1951 | D:3      | Reached skill level 5 in Fighting
  2002 | D:3      | Found a faded altar to an unknown god.
  2198 | D:3      | Reached XP level 6. HP: 42/66 MP: 6/6
  2323 | D:3      | Found a burning altar of Makhleb.
  2456 | D:3      | Reached skill level 5 in Maces & Flails
  2462 | D:3      | Reached *** piety under Trog
  2771 | D:3      | Noticed Terence
  2786 | D:3      | HP: 2/66 [poisoned by a worker ant]
  3314 | D:4      | Found a snail-covered altar of Cheibriados.
  3788 | D:4      | Reached skill level 1 in Shields
  3788 | D:4      | Reached XP level 7. HP: 39/72 MP: 7/7
  4445 | D:5      | Entered Level 5 of the Dungeon
  4445 | D:5      | Noticed Blork the orc
  4655 | D:5      | Killed Blork the orc
  4655 | D:5      | Reached skill level 5 in Dodging
  4739 | D:5      | Found a glowing golden altar of the Shining One.
  4932 | D:5      | Reached skill level 5 in Throwing
  5199 | D:5      | Reached XP level 8. HP: 83/83 MP: 8/8
  5799 | D:6      | Reached **** piety under Trog
  5799 | D:6      | Reached skill level 6 in Throwing
  5895 | D:6      | Found a glowing drain.
  5900 | D:6      | Received a gift from Trog
  5925 | Sewer    | Entered a sewer
  6490 | D:6      | Reached skill level 7 in Throwing
  6501 | D:6      | Reached XP level 9. HP: 74/91 MP: 9/9
  6552 | D:6      | Reached skill level 8 in Throwing
  6988 | D:6      | Reached ***** piety under Trog
  7121 | D:7      | Found a staircase to the Ecumenical Temple.
  7130 | Temple   | Entered the Ecumenical Temple
  7251 | D:7      | Noticed Menkaure
  7253 | D:7      | Killed Menkaure
  7358 | D:7      | Received a gift from Trog
  7865 | D:8      | Reached skill level 9 in Throwing
  7917 | D:8      | Found an iron altar of Okawaru.
  7952 | D:8      | Found a shimmering altar of Xom.
  8042 | D:8      | Reached XP level 10. HP: 102/102 MP: 10/10
  8242 | D:8      | Noticed Erica
  8264 | D:8      | Killed Erica
  8354 | D:8      | Received a gift from Trog
  8760 | D:8      | Noticed Maurice
  8794 | D:8      | Killed Maurice
  8794 | D:8      | Reached skill level 10 in Throwing
  9122 | D:8      | Slain by a yak

Vault maps used:
D:1:      grunt_arrival_crossed_arrows, minmay_misc_feat_encased
D:2:      nicolae_ru_the_path_less_chosen, lemuel_crystal_altar,
          nemelex_spade_bored_becter
D:3:      lemuel_doored_altar, ecumenical_altar_1, uniq_terence
D:4:      cheibriados_altar_1, first_bread
D:5:      nicolae_tso_swordbearing_angel, uniq_blork_the_orc
D:6:      gup_sewer_entry_pipe, minmay_ruffians
D:7:      lemuel_temple_firewalk_marked, uniq_menkaure
D:8:      xom_butterflies, okawaru_gym_becter, uniq_erica, uniq_maurice
D:9:      overflow_temple_1_default, david_lair_shrubbed, serial_corexii_hall,
          corexii_hall_statues_l, corexii_hall_statues_s,
          hangedman_tell_no_tales, uniq_psyche
Temple:   temple_eino_lava_12
Sewer:    sewer_frog_island_01

Action                   |  1- 3 |  4- 6 |  7- 9 | 10-12 || total
-------------------------+-------+-------+-------+-------++-------
Melee: Mace              |    77 |   198 |    89 |       ||   364
       Flail             |       |       |   175 |    84 ||   259
Throw: Stone             |       |   139 |   219 |    33 ||   391
       Large rock        |       |       |    18 |    11 ||    29
Invok: Berserk           |       |       |     1 |     1 ||     2
       Trog's Hand       |       |       |     1 |     1 ||     2
       Brothers in Arms  |       |       |       |     4 ||     4
  Use: Potion            |       |     2 |       |     1 ||     3
       Scroll            |       |       |     2 |       ||     2
  Eat: Chunk             |       |     8 |    16 |     3 ||    27
       Fruit             |       |       |     1 |       ||     1
